 Dungeon Crawl Stone Soup version 0.29-a0-234-g0dae59b3db (webtiles) character file.

Game seed: 11953537971083762541

327 mineras the Vexing (level 6, -15/28 HPs)
             Began as a Spriggan Enchanter on Mar 2, 2022.
             Demolished by an orc priest
             ... wielding a +0 falchion of distortion
              (22 damage)
             ... on level 3 of the Dungeon.
             The game lasted 00:09:23 (3895 turns).

mineras the Vexing (Spriggan Enchanter)             Turns: 3895, Time: 00:09:26

Health: -15/28     AC:  3    Str:  6    XL:     6   Next: 24%
Magic:  2/15       EV: 17    Int: 17    God:
Gold:   141        SH:  0    Dex: 15    Spells: 5/16 levels left

rFire   . . .      SeeInvis +   a - +2 dagger
rCold   . . .      Faith    .   (no shield)
rNeg    . . .      Spirit   .   b - +1 robe
rPois   .          Reflect  .   (helmet restricted)
rElec   .          Harm     .   (no cloak)
rCorr   .          Rampage  .   (gloves unavailable)
Will    +....                   (boots unavailable)
Stlth   +++.......              (no amulet)
HPRegen 0.09/turn               (no ring)
MPRegen 0.14/turn               (no ring)

@: attractive, hasted, very quick
A: very small, no large weapons, unfitting armour, see invisible, speed 3
a: no special abilities


You were on level 3 of the Dungeon.
You visited 1 branch of the dungeon, and saw 3 of its levels.

You collected 141 gold pieces.

Inventory:

Hand Weapons
 a - a +2 dagger (weapon)
Missiles
 j - 2 poisoned darts (quivered)
Armour
 b - a +1 robe (worn)
Jewellery
 h - a ring of fire
Scrolls
 f - a scroll of fear
 g - a scroll of teleportation
 l - a scroll of amnesia


   Skills:
 - Level 1.1 Short Blades
 - Level 2.6 Dodging
 + Level 5.7 Stealth
 + Level 5.7 Spellcasting
 + Level 6.2 Hexes


You had 5 spell levels left.
You knew the following spells:

 Your Spells              Type           Power      Damage    Failure   Level
a - Ensorcelled Hibernat  Hex/Ice        30%        N/A       5%          2
b - Tukima's Dance        Hex            26%        N/A       3%          3
c - Dazzling Flash        Conj/Hex       30%        N/A       11%         3
d - Confusing Touch       Hex            26%        N/A       3%          3

Your spell library contained the following spells:

 Spells                   Type           Power      Damage    Failure   Level


Dungeon Overview and Level Annotations

Branches:
Dungeon (3/15)

Altars:

Shops:
D:2 (


Innate Abilities, Weirdness & Mutations

You are very small and have problems with some larger weapons.
You are too small for most types of armour.
You have supernaturally acute eyesight. (SInv)
You cover ground extremely quickly. (Speed+++)


Message History

You have reached level 6!
You closely miss the orc priest.
The orc priest is lightly wounded.
You hit the orc priest.
The orc priest is moderately wounded.
The orc priest closely misses you.
You hit the orc priest.
The orc priest is heavily wounded.
Your +0 battleaxe falls from the air.
The orc priest hits you but does no damage.
Space warps around you.
Casting: Tukima's Dance (dangerous; 3% risk of failure)
Confirm with . or Enter, or press ? or * to list all spells.
You don't have enough magic to cast this spell.
Unknown command.
Unknown command.
It was a potion of haste.
You feel yourself speed up.
The orc priest calls down the wrath of Beogh upon you.
Beogh smites you!
Ouch! That really hurt!
It was a potion of attraction.
You feel attractive to monsters. The orc priest barely misses you.
You hit the orc priest.
The orc priest is heavily wounded.
The orc priest closely misses you.
You hit the orc priest.
The orc priest is severely wounded.
You hit the orc priest.
The orc priest is severely wounded.
The orc priest barely misses you.
You hit the orc priest.
The orc priest is almost dead.
You barely miss the orc priest.
The orc priest is almost dead.
The orc priest hits you with a +0 falchion of distortion.
* * * LOW HITPOINT WARNING * * *
Space warps horribly around you!!
Ouch! That really hurt!
You die...

...# #.# #.....#
###########.# ...# #.#
#.....# #.........#.#
...# #.# #######
#.#######.#.# .###
#†#.......#.# .##
#####.#.#####.#.# ..# .#
#............<#.# #.#
#.# #........######.#
#.# #.######
#...............# #.##
#......#
#)@...)..########
#..###......# #.o......#
#...........###........#
#...............########
#...............#
#...............#
#.......>.......#
#........o).....#
#...............#


You could see an orc priest.

Vanquished Creatures
  An orc warrior (D:3)
  An orc wizard (D:3)
  4 adders
  2 gnolls (D:3)
  2 worms (D:2)
  5 dart slugs (D:1)
  9 orcs (D:3)
  6 endoplasms
  A giant cockroach (D:1)
  6 goblins
  8 hobgoblins
  4 quokkas
  11 ball pythons
  2 bats
  4 frilled lizards
  8 kobolds
  10 rats
84 creatures vanquished.

Vanquished Creatures (collateral kills)
  An orc wizard (D:3)
  2 gnolls (D:3)
3 creatures vanquished.

Vanquished Creatures (others)
  2 dancing weapons (D:3)
2 creatures vanquished.

Grand Total: 89 creatures vanquished

Notes
Turn   | Place    | Note
-------+----------+-------------------------------------------
     0 | D:1      | mineras the Spriggan Enchanter began the quest for the Orb.
     0 | D:1      | Reached XP level 1. HP: 9/9 MP: 5/5
   246 | D:1      | Reached skill level 4 in Hexes
   246 | D:1      | Reached XP level 2. HP: 7/13 MP: 7/7
   249 | D:1      | Learned a level 2 spell: Ensorcelled Hibernation
   827 | D:1      | Reached XP level 3. HP: 16/16 MP: 9/9
   838 | D:1      | Learned a level 3 spell: Tukima's Dance
   842 | D:1      | Learned a level 3 spell: Confusing Touch
   870 | D:1      | Found a faded altar of an unknown god.
  1852 | D:2      | Reached XP level 4. HP: 16/21 MP: 7/11
  1856 | D:2      | Learned a level 3 spell: Dazzling Flash
  1968 | D:2      | Reached skill level 5 in Hexes
  2021 | D:2      | Found Vubiah's Weapon Boutique.
  2573 | D:3      | Noticed an orc warrior
  3011 | D:3      | Reached XP level 5. HP: 12/24 MP: 3/13
  3342 | D:3      | Reached skill level 5 in Spellcasting
  3771 | D:3      | Reached skill level 5 in Stealth
  3885 | D:3      | Killed an orc warrior
  3886 | D:3      | Reached skill level 6 in Hexes
  3886 | D:3      | Reached XP level 6. HP: 28/28 MP: 1/15
  3895 | D:3      | Demolished by an orc priest

Illustrated notes

Levels and vault maps discovered:
D:1:      minmay_arrival_split_and_join, layout_loops_corners,
          ebering_ecumenical_altar_hall, minmay_small_reverse_x
D:2:      layout_basic, serial_shops, nicolae_shop_statue_plus, minivault_27
D:3:      layout_basic

Skill      XL: |  1  2  3  4  5 |
---------------+----------------+-----
Spellcasting   | 3 4 5 |  5.7
Hexes          | 4 5 6 |  6.2
Stealth        | 5 |  5.7
Short Blades   | |  1.1
Dodging        | |  2.6

Action                   |  1- 3 |  4- 6 || total
-------------------------+-------+-------++-------
Melee: Dagger            |   116 |   135 ||   251
       Punch             |     1 |     1 ||     2
 Cast: Ensorcelled Hiber |     3 |    17 ||    20
       Tukima's Dance    |       |     8 ||     8
       Confusing Touch   |       |     1 ||     1
  Use: Scroll            |     5 |     5 ||    10
       Potion            |       |     6 ||     6
 Stab: Sleeping          |    16 |    15 ||    31
       Invisible         |       |     1 ||     1
       Confused          |       |     1 ||     1
Armor: Robe              |     8 |    12 ||    20
Dodge: Dodged            |    56 |   108 ||   164

Table legend: (Time is in decaauts)
 A = Elapsed time spent in this place.
 B = Non-inter-level travel time spent in this place.
 C = Inter-level travel time spent in this place.
 D = Time resting spent in this place.
 E = Time spent auto-exploring this place.
 F = Levels seen in this place.
 G = Mean time per level.
                   A        B        C        D        E       F      G
               +--------+--------+--------+--------+--------+-----+--------+
         Total |   3177 |   3139 |     38 |    761 |   1753 |   3 | 1059.0 |
       Dungeon |   3177 |   3139 |     38 |    761 |   1753 |   3 | 1059.0 |
               +--------+--------+--------+--------+--------+-----+--------+

Top non-repeatable levels by time:
     D:1: 1318 daAuts
     D:3: 1245 daAuts
     D:2: 613 daAuts
